 Dungeon Crawl Stone Soup version 0.28-a0-1594-ga885d4b3d6 (webtiles) character file.

Game seed: 9611935755765979650

135 issech the Shield-Bearer (level 4, -2/44 HPs)
             Began as a Troll Fighter on Jan 21, 2022.
             Was an Initiate of Gozag.
             Slain by a mummy (11 damage)
             ... in an ossuary.
             The game lasted 00:07:50 (2202 turns).

issech the Shield-Bearer (Troll Fighter)            Turns: 2202, Time: 00:07:52

Health: -2/44      AC:  4    Str: 24    XL:     4   Next: 96%
Magic:  3/3        EV:  9    Int: 10    God:    Gozag
Gold:   165        SH:  9    Dex: 17    Spells: 3/3 levels left

rFire   . . .      SeeInvis .   s - +0 mace
rCold   . . .      Faith    .   c - +0 kite shield
rNeg    . . .      Spirit   .   b - +0 robe
rPois   .          Reflect  .   (helmet restricted)
rElec   .          Harm     .   (no cloak)
rCorr   .          Rampage  .   (gloves unavailable)
Will    .....                   (boots unavailable)
Stlth   ++........              (no amulet)
HPRegen 0.94/turn               e - +6 ring of dexterity
MPRegen 0.08/turn               h - +6 ring of intelligence

@: no status effects
A: large, unfitting armour, claws 3, regeneration 1, shaggy fur 1, tough skin 1
a: Renounce Religion, Potion Petition, Call Merchant, Bribe Branch


You were in an ossuary.
You worshipped Gozag.
Gozag was aware of your devotion.
You visited 1 branch of the dungeon, and saw 4 of its levels.
You also visited: Ossuary.

You collected 198 gold pieces.
You paid 33 gold pieces to Gozag.

Inventory:

Hand Weapons
 a - a +0 flail
 i - a +0 dagger of protection
 s - a +0 mace (weapon)
 t - a +0 hunting sling
Missiles
 g - 39 arrows
 l - 78 stones (quivered)
 q - 16 bolts
 y - 5 poisoned darts
Armour
 b - a +0 robe (worn)
 c - a +0 kite shield (worn)
Magical Staves
 x - a staff of poison
Jewellery
 e - a +6 ring of dexterity (left claw)
 h - a +6 ring of intelligence (right claw)
Scrolls
 f - 3 scrolls of fear {unknown}
 k - 4 scrolls of identify {unknown}
 m - a scroll of blinking {unknown}
 p - a scroll of magic mapping {unknown}
 u - a scroll of fog {unknown}
 v - 2 scrolls of vulnerability {unknown}
 w - a scroll of amnesia {unknown}
Potions
 d - a potion of might
 j - a potion of mutation {unknown}
 n - a potion of cancellation {unknown}
 o - a potion of curing {unknown}
 r - a potion of lignification {unknown}


   Skills:
 + Level 2.8 Fighting
 + Level 3.1 Maces & Flails
 + Level 3.0 Dodging
 + Level 0.2 Stealth
 + Level 3.1 Shields


You had 3 spell levels left.
You didn't know any spells.
Your spell library contained the following spells:

 Spells                   Type           Power      Damage    Failure   Level
 Magic Dart               Conj           0%         1d3       65%         1
 Searing Ray              Conj           0%         2d4       80%         2
 Sublimation of Blood     Necr           0%         N/A       80%         2
 Tukima's Dance           Hex            0%         N/A       95%         3
 Anguish                  Hex/Necr       0%         N/A       100%        4
 Fulminant Prism          Conj/Hex       0%         3d6       100%        4
 Petrify                  Tmut/Erth      0%         N/A       100%        4
 Irradiate                Conj/Tmut      0%         3d13      100%        5
 Enfeeble                 Hex            0%         N/A       100%        7


Dungeon Overview and Level Annotations

Branches:
Dungeon (4/15)            Ossuary (1/1)
 Temple: D:4-7

Altars:
Dithmenos
Gozag


Innate Abilities, Weirdness & Mutations

You are too large for most types of armour.
You have claws for hands.
Your natural rate of healing is unusually fast.
You are covered in fur. (AC +1)
You have tough skin. (AC +1)


Message History

You hit the hobgoblin zombie.
The hobgoblin zombie is heavily damaged.
The mummy hits you!
* * * LOW HITPOINT WARNING * * *
The hobgoblin zombie barely misses you.
You hit the hobgoblin zombie but do no damage.
The hobgoblin zombie is heavily damaged.
The hobgoblin zombie barely misses you. You block the mummy's attack.
You hit the hobgoblin zombie.
You destroy the hobgoblin zombie!
The mummy is no longer distracted by gold.
The mummy barely misses you. The mummy misses you.
You hit the gnoll zombie but do no damage.
You block the gnoll zombie's attack.
The mummy is distracted by your dazzling golden aura.
You block the mummy's attack.
You barely miss the gnoll zombie.
The mummy is no longer distracted by gold.
The gnoll zombie is distracted by your dazzling golden aura.
You block the mummy's attack. The mummy hits you.
* * * LOW HITPOINT WARNING * * *
You completely miss the gnoll zombie.
The gnoll zombie is no longer distracted by gold.
The gnoll zombie barely misses you. You block the mummy's attack.
You hit the gnoll zombie.
The gnoll zombie is lightly damaged.
You block the mummy's attack. The gnoll zombie hits you.
* * * LOW HITPOINT WARNING * * *
You hit the gnoll zombie.
The gnoll zombie is lightly damaged.
The mummy barely misses you. You block the mummy's attack.
The gnoll zombie hits you but does no damage.
You sock the gnoll zombie!
The gnoll zombie is severely damaged.
The mummy hits you.
* * * LOW HITPOINT WARNING * * *
The gnoll zombie hits you but does no damage.
The mummy hits you!
You die...
Your body crumbles into a pile of gold.

#....#
#....#
$
#..$.#
$ $
#....#
$ $$
#....#
$$ $
#....#
$ $$
#....#
$$ $
#..MZ#
$ $
#.∩M@#
$
######


You could see 2 mummies and a gnoll zombie.

Vanquished Creatures
  A jelly (D:4)
  Jessica (D:2)
  2 adders (D:2)
  A worm (D:2)
  8 bats
  3 endoplasms
  2 giant cockroaches
  A gnoll zombie (Ossuary)
  6 goblins
  5 hobgoblins
  4 kobolds
  2 quokkas (D:1)
  8 ball pythons
  3 hobgoblin zombies (Ossuary)
  A kobold zombie (Ossuary)
  5 rats
53 creatures vanquished.

Vanquished Creatures (others)
  8 plants (D:2)
8 creatures vanquished.

Grand Total: 61 creatures vanquished

Notes
Turn   | Place    | Note
-------+----------+-------------------------------------------
     0 | D:1      | issech the Troll Fighter began the quest for the Orb.
     0 | D:1      | Reached XP level 1. HP: 22/22 MP: 0/0
   181 | D:1      | Reached XP level 2. HP: 29/29 MP: 1/1
   616 | D:2      | Noticed Jessica
   624 | D:2      | Killed Jessica
   625 | D:2      | Reached XP level 3. HP: 36/36 MP: 2/2
   750 | D:2      | Reached XP level 4. HP: 25/44 MP: 3/3
  1360 | D:3      | Found a faded altar of an unknown god.
  1571 | D:3      | Found a shadowy altar of Dithmenos.
  1806 | D:3      | Found an opulent altar of Gozag.
  1826 | D:3      | Became a worshipper of Gozag Ym Sagoz the Greedy
  2148 | D:4      | Found a sand-covered staircase.
  2163 | Ossuary  | Entered an ossuary
  2202 | Ossuary  | Slain by a mummy

Illustrated notes

Levels and vault maps discovered:
D:1:      minmay_arrival_loop, layout_rooms
D:2:      layout_basic, st_stairs_14, serial_bayou_crossing, uniq_jessica
D:3:      layout_basic, nicolae_gozag_seed_capital, grunt_dithmenos_smoke,
          chequers_ecumenical_altar_island
D:4:      layout_basic, nicolae_ossuary_entry_monument
Ossuary:  ossuary_tomb_3

Skill      XL: |  1  2  3  4 |
---------------+-------------+-----
Maces & Flails | 2 3 |  3.1
Shields        | 3 |  3.1
Dodging        | 3 |  3.0
Fighting       | |  2.8
Stealth        | |  0.2

Action                   |  1- 3 |  4- 6 || total
-------------------------+-------+-------++-------
Melee: Flail             |    95 |    41 ||   136
       Mace              |       |    62 ||    62
Throw: Stone             |       |     4 ||     4
 Stab: Sleeping          |     2 |     1 ||     3
Armor: Robe              |    41 |    28 ||    69
Dodge: Dodged            |    56 |    28 ||    84
Block: Kite shield       |    47 |    53 ||   100

Table legend: (Time is in decaauts)
 A = Elapsed time spent in this place.
 B = Non-inter-level travel time spent in this place.
 C = Inter-level travel time spent in this place.
 D = Time resting spent in this place.
 E = Time spent auto-exploring this place.
 F = Levels seen in this place.
 G = Mean time per level.
                   A        B        C        D        E       F      G
               +--------+--------+--------+--------+--------+-----+--------+
         Total |   2329 |   2298 |     31 |      0 |    926 |   5 |  465.8 |
       Dungeon |   2281 |   2250 |     31 |      0 |    926 |   4 |  570.2 |
       Ossuary |     48 |     48 |      0 |      0 |      0 |   1 |   48.0 |
               +--------+--------+--------+--------+--------+-----+--------+

Top non-repeatable levels by time:
     D:3: 816 daAuts
     D:2: 701 daAuts
     D:1: 580 daAuts
     D:4: 183 daAuts
 Ossuary: 48 daAuts
